 Dungeon Crawl Stone Soup version 0.19.4-8-ga85b6b9 (webtiles) character file.

40 Gargoyl the Skirmisher (level 3, -2/31 HPs)
             Began as a Ghoul Abyssal Knight on Feb 15, 2017.
             Was a Follower of Lugonu.
             Slain by a goblin
             ... wielding a +0 dagger
             ... led by Robin
              (3 damage)
             ... on level 2 of the Dungeon.
             The game lasted 00:03:14 (1177 turns).

Gargoyl the Skirmisher (Ghoul Abyssal Knight)       Turns: 1177, Time: 00:03:14

Health: -2/31      AC:  7    Str: 14 (15) XL:     3   Next: 50%
Magic:  3/3        EV: 11    Int:  5 (7)  God:    Lugonu [*.....]
Gold:   106        SH:  0    Dex:  9      Spells: 0 memorised, 2 levels left

rFire  . . .     SeeInvis .     a - +5 hand axe
rCold  + . .     Gourm    .     b - +0 leather armour
rNeg   + + +     Faith    .     (no shield)
rPois  ∞         Spirit   .     (no helmet)
rElec  .         Reflect  .     o - +0 cloak
rCorr  .         Harm     .     (no gloves)
MR     .....                    f - +2 pair of boots
Stlth  +.........               (no amulet)
                                (no ring)
                                (no ring)

@: rotting
A: rotting body, claws 1, carnivore 3, cold resistance 1, negative energy
resistance 3, slow regeneration 1, torment resistance, unbreathing
a: Depart the Abyss, Renounce Religion


You were on level 2 of the Dungeon.
You worshipped Lugonu.
Lugonu was aware of your devotion.
You were not hungry.

You visited 1 branch of the dungeon, and saw 2 of its levels.
You visited the Abyss 1 time.

You collected 106 gold pieces.

Inventory:

Hand Weapons
 a - a +5 hand axe (weapon)
Armour
 b - a +0 leather armour (worn)
 f - a +2 pair of boots (worn)
 o - a +0 cloak (worn)
Scrolls
 g - a scroll of magic mapping
Potions
 e - a potion of degeneration {unknown}
 k - a potion of lignification {unknown}
 l - a potion of mutation
Comestibles
 c - a meat ration
 d - 8 chunks of flesh
 i - a slice of pizza
 m - a royal jelly


   Skills:
 + Level 3.5 Fighting
 + Level 2.3 Axes
 * Level 2.3 Armour
 + Level 1.1 Dodging
 * Level 2.4 Invocations


You had 2 spell levels left.
You didn't know any spells.

Dungeon Overview and Level Annotations

Branches:
Dungeon (2/15)

Altars:

Annotations:
D:2 Robin


Innate Abilities, Weirdness & Mutations

Your body is rotting away.
You thrive on raw meat.
You are immune to poison.
You have sharp fingernails.
You are carnivorous and can eat meat at any time.
Your flesh is cold resistant. (rC+)
You are immune to negative energy. (rN+++)
You regenerate slowly when monsters are visible.
You are immune to unholy pain and torment.
You can survive without breathing.


Message History

The dart slug barely misses you. The goblin closely misses you.
The goblin hits you. The goblin hits you with a dagger.
* * * LOW HITPOINT WARNING * * *
The goblin hits you.
* * * LOW HITPOINT WARNING * * *
It was a potion of berserk rage.
You cannot raise a blood rage in your lifeless body.
The dart slug closely misses you. The goblin hits you.
* * * LOW HITPOINT WARNING * * *
The goblin misses you. The goblin hits you but does no damage.
The goblin barely misses you.
It was a potion of mutation.
You feel extremely strange.
Your body decomposes!
You feel weakened.
Your body decomposes!
You feel dopey.
Your body decomposes!
You feel dopey.
The goblin barely misses you. x2; The goblin hits you with a dagger.
You die...

......##.......#
#.....##.#.###<# .#
########.......# #.#
##...#### ## ...#
#...# ....... #...#
g#.....
####...#####gg.....
...........)#ggS....
...........g@ggg....
...........g#w#.....
#####...#####... ...
#...# #### # #...#
#...# ##.#


You could see Robin, an adder, a dart slug, 2 hobgoblins and 7 goblins.

Vanquished Creatures
  An ooze (D:1)
  A dart slug (D:2)
  A leopard gecko (D:1)
  4 giant cockroaches (D:1)
  10 goblins
  4 hobgoblins
  A ball python (D:1)
  3 bats (D:1)
  3 rats (D:1)
28 creatures vanquished.

Notes
Turn   | Place    | Note
-------+----------+-------------------------------------------
     0 | Abyss:1  | Gargoyl the Ghoul Abyssal Knight began the quest for the Orb.
     0 | Abyss:1  | Reached XP level 1. HP: 19/19 MP: 1/1
    84 | Abyss:1  | Noticed an iron imp
   102 | Abyss:1  | Noticed a raiju
   109 | D:1      | Escaped the Abyss
   201 | D:1      | Reached skill level 1 in Dodging
   237 | D:1      | Reached XP level 2. HP: 23/26 MP: 2/2
   397 | D:1      | Reached * piety under Lugonu
   682 | D:1      | Reached XP level 3. HP: 26/31 MP: 3/3
  1170 | D:2      | Noticed Robin
  1176 | D:2      | HP: 1/31 [goblin[Robin] (2)]
  1177 | D:2      | Slain by a goblin

Skill      XL: |  1  2 |
---------------+-------+-----
Armour         | 2 |  2.3
Dodging        | 1 |  1.1
Axes           | 2 |  2.3
Fighting       | |  3.5
Invocations    | |  2.4

Action                   || total
-------------------------++-------
Melee: Hand axe          ||    59
Invok: Depart the Abyss  ||     1
  Use: Scroll            ||     7
       Potion            ||     2
  Eat: Chunk             ||    14
Armor: Leather armour    ||    27
Dodge: Dodged            ||    64
